 Dungeon Crawl Stone Soup version 0.28.0-47-ge53b351184 (webtiles) character file.

Game seed: 17979307344432147470

9052 Cykl0x the Geomancer (level 11, -2/66 HPs)
             Began as a Gargoyle Earth Elementalist on May 1, 2022.
             Was a Believer of Vehumet.
             Slain by a ghoul (13 damage)
             ... on level 3 of the Abyss.
             The game lasted 00:26:13 (11467 turns).

Cykl0x the Geomancer (Gargoyle Earth Elementalist) Turns: 11467, Time: 00:26:14

Health: -2/66      AC: 15    Str: 18    XL:     11   Next: 40%
Magic:  0/24       EV:  9    Int: 20    God:    Vehumet [**....]
Gold:   518        SH:  3    Dex: 10    Spells: 24/29 levels left

rFire   + . .      SeeInvis .   h - +0 flail (flame)
rCold   + . .      Faith    .   z - +0 buckler {reflect}
rNeg    + + .      Spirit   .   D - +0 scale mail
rPois   ∞          Reflect  +   (no helmet)
rElec   +          Harm     .   E - scarf {rC+ rF+}
rCorr   .          Rampage  .   (no gloves)
Will    .....                   (no boots)
Stlth   ..........              (no amulet)
HPRegen 0.21/turn               r - +6 ring of strength
MPRegen 0.19/turn               p - ring of positive energy

@: no status effects
A: sickness immunity, AC +8, negative energy resistance 1, electricity
resistance, torment resistance 1, petrification resistance
a: Renounce Religion


You were on level 3 of the Abyss.
You worshipped Vehumet.
Vehumet was pleased with you.
You visited 2 branches of the dungeon, and saw 10 of its levels.
You visited the Abyss 1 time.
You also visited: Bailey.

You collected 518 gold pieces.

Inventory:

Hand Weapons
 h - a +0 flail of flaming (weapon)
 q - a +2 demon trident of venom
 C - a +5 vampiric hand axe
 F - a +0 quarterstaff
Armour
 b - a +0 robe
 d - a +1 ring mail
 n - a +0 leather armour
 t - a +2 cloak
 z - a +0 buckler of reflection (worn)
 D - a +0 scale mail (worn)
 E - a scarf of resistance (worn)
Magical Staves
 c - a staff of poison
Jewellery
 p - a ring of positive energy (right hand)
 r - a +6 ring of strength (left hand)
 B - a ring of magical power
Wands
 o - a wand of polymorph (11)
 y - a wand of paralysis (6)
Scrolls
 a - 3 scrolls of blinking
 f - 4 scrolls of vulnerability
 i - 3 scrolls of magic mapping
 s - 2 scrolls of brand weapon
 u - 2 scrolls of amnesia
 A - a scroll of enchant weapon {unknown}
Potions
 g - a potion of resistance
 j - a potion of lignification
 k - 3 potions of attraction
 l - 2 potions of curing
 m - 2 potions of mutation {unknown}
 v - 2 potions of flight {unknown}
 w - a potion of cancellation {unknown}
 x - a potion of magic {unknown}
Miscellaneous
 e - a box of beasts


   Skills:
 * Level 6.9 Fighting
 + Level 2.0 Maces & Flails
 + Level 4.5 Armour
 + Level 2.6 Dodging
 - Level 2.1 Stealth
 + Level 9.5 Spellcasting
 * Level 7.8 Conjurations
 - Level 0.7 Transmutations
 + Level 11.4 Earth Magic


You had 24 spell levels left.
You knew the following spells:

 Your Spells              Type           Power      Damage    Failure   Level
a - Sandblast             Erth           100%       2d20      1%          1
b - Stone Arrow           Conj/Erth      96%        3d13      1%          3
c - Magic Dart            Conj           100%       1d8       1%          1

Your spell library contained the following spells:

 Spells                   Type           Power      Damage    Failure   Level
 Passwall                 Tmut/Erth      27%        N/A       3%          2
 Static Discharge         Conj/Air       25%        N/A       9%          2
 Petrify                  Tmut/Erth      33%        N/A       24%         4
 Animate Armour           Summ/Erth      64%        N/A       28%         4
 Animate Skeleton         Necr           18%        N/A       30%         1
 Apportation              Tloc           18%        N/A       30%         1
 Summon Small Mammal      Summ           36%        N/A       30%         1
 Corpse Rot               Necr/Air       18%        N/A       41%         2
 Poisonous Vapours        Pois/Air       18%        N/A       41%         2
 Sticky Flame             Conj/Fire      25%        2d5       52%         4
 Portal Projectile        Hex/Tloc       18%        N/A       65%         3
 Dispel Undead            Necr           9%         3d8       96%         4
 Summon Ice Beast         Ice/Summ       9%         N/A       96%         4
 Blade Hands              Tmut           6%         N/A       99%         5
 Excruciating Wounds      Necr           4%         N/A       100%        5
 Summon Mana Viper        Hex/Summ       9%         N/A       100%        5
 Monstrous Menagerie      Summ           4%         N/A       100%        7
 Lehudib's Crystal Spear  Conj/Erth      24%        10d7      100%        8


Dungeon Overview and Level Annotations

Branches:
Dungeon (9/15)             Temple (1/1) D:7          Bailey (visited)
   Lair: D:8-11         Orc: D:9-12

Altars:
Ashenzari
Cheibriados
Dithmenos
Elyvilon
Fedhas
Hepliaklqana
Kikubaaqudgha
Makhleb
Nemelex Xobeh
Okawaru
Ru
Sif Muna
Trog
Vehumet
Wu Jian
Xom
Yredelemnul
Zin
The Shining One
Beogh

Shops:
D:1 *   D:4 [

Annotations:
D:3 2 runed translucent doors, poisonrat88's ghost, amateur GrBe
D:8 2 transporters


Innate Abilities, Weirdness & Mutations

You are immune to sickness and miasma.
Your stone body is resilient. (AC +8)
You are immune to poison.
You resist negative energy. (rN+)
You are resistant to electric shocks. (rElec)
You are resistant to unholy torment.
You are immune to petrification.


Message History

Casting: Stone Arrow (safe; 1% risk of failure)
Confirm with . or Enter, or press ? or * to list all spells.
Aiming: Stone Arrow (safe; 1% risk of failure)
Press: ? - help, Shift-Dir - straight line, f/p - ghoul
Aim: a ghoul (moderately damaged, 76% to hit)
The stone arrow hits the ghoul!!
The ghoul is heavily damaged.
The ghoul claws you!
* * * LOW HITPOINT WARNING * * *
The ghoul claws you.
* * * LOW HITPOINT WARNING * * *
You feel better. You block the ghoul's attack. The ghoul claws you.
You feel better. The ghoul barely misses you. x2
Casting: Stone Arrow (safe; 1% risk of failure)
Confirm with . or Enter, or press ? or * to list all spells.
Aiming: Stone Arrow (safe; 1% risk of failure)
Press: ? - help, Shift-Dir - straight line, f/p - ghoul
Aim: a ghoul (heavily damaged, 76% to hit)
The stone arrow hits the ghoul!
The ghoul is severely damaged.
The ghoul claws you but does no damage. The ghoul barely misses you.
Unknown command.
Casting: Stone Arrow (safe; 1% risk of failure)
Confirm with . or Enter, or press ? or * to list all spells.
Aiming: Stone Arrow (safe; 1% risk of failure)
Press: ? - help, Shift-Dir - straight line, f/p - ghoul
Aim: a ghoul (severely damaged, 76% to hit)
The stone arrow hits the ghoul!!
The ghoul is severely damaged.
The ghoul barely misses you. The ghoul claws you!!
* * * LOW HITPOINT WARNING * * *
Casting: Stone Arrow (safe; 1% risk of failure)
Confirm with . or Enter, or press ? or * to list all spells.
Aiming: Stone Arrow (safe; 1% risk of failure)
Press: ? - help, Shift-Dir - straight line, f/p - ghoul
Aim: a ghoul (severely damaged, 76% to hit)
The stone arrow hits the ghoul!
The ghoul is almost destroyed.
The ghoul claws you!
You die...

.. # # # . [
... # # ## #.
§§..#..# #.....
#### #n##### .
..... # ## #.#
.#...#..#######
. #.....nn@...#
#.
##.#.#x###### .
...#.# # #..###
#.. .. # #. ##
.##. ##.. # #..
#.#.. ## ##...
. ##.
#.##...... . ..
. #.# #.. ...
... . # ### .
....


You could see 2 ghouls and an ancient zyme.

Vanquished Creatures
  An orc knight (Bailey)
  Pikel (D:7)
  A manticore (D:6)
  A large abomination (Abyss:3)
  2 kobold demonologists (Bailey)
  The ghost of 101zpm the Magician, a novice DjFE (D:5)
  A wyvern (D:7)
  A wraith (D:9)
  8 yaks (D:9)
  A steam dragon (D:9)
  3 vampire mosquitoes (D:7)
  2 water moccasins
  Duvessa (D:5)
  An ice beast (D:6)
  2 sky beasts (D:6)
  11 orc warriors
  An ogre (D:4)
  2 necrophages
  3 centaurs
  3 lemures (D:7)
  A kobold brigand (D:9)
  4 scorpions
  2 gnoll sergeants (D:9)
  Dowan (D:5)
  15 killer bees
  16 wights
  5 electric eels (Bailey)
  2 centaur zombies
  6 hounds
  A jelly (D:5)
  A gnoll shaman (D:5)
  2 orc priests (D:7)
  3 bullfrog skeletons (D:5)
  A centaur skeleton (D:5)
  An iguana (D:5)
  7 orc wizards
  16 gnolls
  10 adders
  A shadow imp (D:6)
  3 white imps
  An adder zombie (D:5)
  2 worms
  3 dart slugs
  24 orcs
  8 ball pythons
  8 bats
  5 endoplasms
  4 giant cockroaches
  9 goblins
  10 hobgoblins
  6 jackals (D:1)
  4 quokkas
  4 frilled lizards
  7 kobolds
  A quokka skeleton (D:4)
  A rat (D:2)
  A spectral kobold (D:8)
243 creatures vanquished.

Vanquished Creatures (others)
  A dart slug (D:5)
  A quokka (D:5)
2 creatures vanquished.

Grand Total: 245 creatures vanquished

Notes
Turn   | Place    | Note
-------+----------+-------------------------------------------
     0 | D:1      | Cykl0x the Gargoyle Earth Elementalist began the quest for
                  | the Orb.
     0 | D:1      | Reached XP level 1. HP: 10/10 MP: 3/3
   168 | D:1      | Reached skill level 4 in Earth Magic
   241 | D:1      | Reached XP level 2. HP: 15/15 MP: 3/5
   494 | D:1      | Found Ilalloel's General Store.
  1061 | D:2      | Reached XP level 3. HP: 19/19 MP: 4/6
  1066 | D:2      | Learned a level 3 spell: Stone Arrow
  1856 | D:2      | Reached XP level 4. HP: 24/24 MP: 4/8
  1858 | D:2      | Reached skill level 1 in Conjurations
  2821 | D:3      | Reached skill level 5 in Earth Magic
  2956 | D:3      | Found a large runed translucent door.
  2956 | D:3      | Found a large runed translucent door.
  2958 | D:3      | Noticed poisonrat88's ghost (amateur GrBe)
  3094 | D:4      | Reached XP level 5. HP: 28/28 MP: 3/10
  3369 | D:4      | Reached XP level 6. HP: 22/33 MP: 4/11
  3491 | D:4      | Found Figh's Armour Boutique.
  3615 | D:4      | Reached skill level 6 in Earth Magic
  3818 | D:4      | Reached XP level 7. HP: 23/37 MP: 0/13
  4041 | D:4      | Reached skill level 1 in Maces & Flails
  4163 | D:5      | Entered Level 5 of the Dungeon
  4361 | D:5      | Noticed Duvessa
  4364 | D:5      | Noticed Dowan
  4368 | D:5      | Killed Duvessa
  4373 | D:5      | Killed Dowan
  4540 | D:5      | Reached skill level 5 in Spellcasting
  4709 | D:5      | Reached skill level 7 in Earth Magic
  4819 | D:5      | Reached XP level 8. HP: 42/42 MP: 11/15
  5001 | D:5      | Found a snail-covered altar of Cheibriados.
  5216 | D:5      | Found a runed translucent gate.
  5216 | D:5      | Found a runed translucent gate.
  5217 | D:5      | Found a runed translucent gate.
  5218 | D:5      | Noticed 101zpm's ghost (novice DjFE)
  5229 | D:5      | Reached skill level 1 in Fighting
  5249 | D:5      | Killed 101zpm's ghost
  5250 | D:5      | Reached skill level 1 in Armour
  5250 | D:5      | Reached skill level 8 in Earth Magic
  5805 | D:6      | Reached XP level 9. HP: 37/49 MP: 8/18
  5965 | D:6      | Found a sacrificial altar of Ru.
  6026 | D:6      | Reached skill level 5 in Conjurations
  6028 | D:6      | Reached skill level 9 in Earth Magic
  6373 | D:7      | Noticed Pikel
  6373 | D:7      | Noticed a manticore
  6382 | D:6      | Killed a manticore
  6645 | D:7      | Killed Pikel
  6763 | D:7      | Reached XP level 10. HP: 14/58 MP: 15/21
  6764 | D:7      | Reached skill level 10 in Earth Magic
  7218 | D:7      | Found a staircase to the Ecumenical Temple.
  7227 | Temple   | Entered the Ecumenical Temple
  7335 | Temple   | Became a worshipper of Vehumet
  7528 | D:7      | Reached skill level 5 in Fighting
  8780 | D:8      | Found a transporter.
  8783 | D:8      | Found a transporter.
  8787 | D:8      | Noticed an ogre mage
  8802 | D:8      | Found a hazy altar of Hepliaklqana.
  9050 | D:8      | Found a broken altar of Ashenzari.
  9108 | D:9      | Reached * piety under Vehumet
  9108 | D:9      | Offered knowledge of Freeze by Vehumet.
  9182 | D:9      | HP: 1/60 [something/ball of steam (19)]
  9208 | D:9      | Found a flagged portal.
  9218 | Bailey   | Entered a bailey
  9559 | Bailey   | Noticed a kobold demonologist
  9568 | Bailey   | Killed a kobold demonologist
  9716 | Bailey   | Reached XP level 11. HP: 62/64 MP: 16/23
  9842 | Bailey   | Noticed an orc knight
  9844 | Bailey   | Found an iron altar of Okawaru.
  9853 | Bailey   | Killed an orc knight
  9854 | Bailey   | Reached skill level 11 in Earth Magic
  9978 | Bailey   | Offered knowledge of Magic Dart by Vehumet.
  9984 | Bailey   | Learned a level 1 spell: Magic Dart
  9987 | Bailey   | Reached ** piety under Vehumet
 11174 | D:9      | Acquired a book of Armaments
 11176 | D:9      | Acquired a +0 buckler of reflection
 11359 | D:9      | Noticed a wizard
 11359 | D:9      | Cast into level 2 of the Abyss (a wizard)
 11445 | Abyss:3  | Noticed a large abomination
 11446 | Abyss:3  | Noticed a ghoul
 11446 | Abyss:3  | Noticed a ghoul
 11458 | Abyss:3  | Killed a large abomination
 11467 | Abyss:3  | Slain by a ghoul

Illustrated notes

Levels and vault maps discovered:
D:1:      elethiomel_arrival_infinity_welcomes_careful_drivers, layout_basic,
          serial_shops, nicolae_diamond_shop
D:2:      layout_basic
D:3:      layout_rooms, ebering_ghost_disaster_area
D:4:      layout_rooms, serial_shops, nicolae_shop_window_shopping,
          chequers_serial_rivers_small_3, small_statue_intersection
D:5:      layout_basic, overflow_temple_1_default, gammafunk_ghost_necromancy,
          lemuel_flamethrower_2, uniq_duvessa
D:6:      layout_cave_pools, hangedman_ru_absence
D:7:      layout_rooms, minmay_temple_entry_metal_lava, uniq_pikel
D:8:      gammafunk_beogh_shrine, layout_rooms, ashenzari_altar_1,
          nicolae_hepliaklqana_monster_ancestors
D:9:      layout_basic, enter_bailey_6, minmay_parallelograms, laboratory
Temple:   regret_index_temple_generic_petals
Abyss:3:  base: D:1, abyss_exit_lava, hangedman_shadowy_showcase

Skill      XL: |  1  2  3  4  5  6  7  8  9 10 11 |
---------------+----------------------------------+-----
Earth Magic    | 4 5 6 7 8 9 10 11 | 11.4
Conjurations   | 1 2 3 4 5 7 |  7.8
Spellcasting   | 3 4 5 6 7 8 9 |  9.5
Dodging        | 2 |  2.6
Maces & Flails | 1 2 |  2.0
Fighting       | 2 4 6 |  6.9
Armour         | 2 4 |  4.5
Stealth        | |  2.1
Transmutations | |  0.7

Action                   |  1- 3 |  4- 6 |  7- 9 | 10-12 || total
-------------------------+-------+-------+-------+-------++-------
Melee: Dagger            |     3 |       |       |       ||     3
       Spear             |    10 |       |       |       ||    10
       Flail             |       |    24 |       |    92 ||   116
       Punch             |       |     1 |       |       ||     1
 Cast: Sandblast         |    32 |    43 |    99 |    88 ||   262
       Stone Arrow       |    10 |    20 |    30 |   122 ||   182
       Magic Dart        |       |       |       |    11 ||    11
  Use: Scroll            |     3 |     4 |     6 |     9 ||    22
       Potion            |       |       |       |     5 ||     5
Armor: Robe              |    12 |    15 |       |       ||    27
       Leather armour    |       |       |     7 |       ||     7
       Ring mail         |       |       |    11 |   132 ||   143
       Scale mail        |       |       |       |    14 ||    14
Dodge: Dodged            |    27 |    52 |    20 |   152 ||   251
Block: Buckler           |       |       |       |     2 ||     2
